cohdb
Replays
Latest Replays
All Replays
Popular Replays
Top Player Replays
Match Explorer
How It Works
Community
CoH3 Stats
Reddit
Sign in to upload your games and track your stats! →
Sign in with Steam
Match 43787591
Unlisted
Match 43787591
Overview
Messages
Build Orders
End
Scout Squad
Construct Weapon Support Center
Selects Heavy Weapons
M1919 Machine Gun Team
M1919 Machine Gun Team
Engineer Squad
Infantry Support Center
M3 Armored Personnel Carrier
Selects Assault Carriers
Construct Medical Station
Selects Exchangeable Parts
M3 Assault Carrier
M1919 Machine Gun Team
Bazooka Squad
Engineer Squad
M3 Assault Carrier
Captain Retinue
Advanced Logistics
Sniper
woof_raff
Waffen-YT
0
0
Comments
sign in to comment!
No comments posted yet!